 Dungeon Crawl Stone Soup version 0.30.0-5-g1a98f26d00 (webtiles) character file.

Game seed: 15472177024720369056

54 qeuew the Ducker (level 3, 0/19 HPs)
             Began as a Spriggan Monk on May 8, 2023.
             Slain by Natasha (3 damage)
             ... on level 2 of the Dungeon.
             The game lasted 00:01:47 (1343 turns).

qeuew the Ducker (Spriggan Monk)                    Turns: 1343, Time: 00:01:48

Health: 0/19       AC:  2    Str:  7    XL:     3   Next: 66%
Magic:  4/4        EV: 19    Int: 11    God:
Gold:   64         SH:  0    Dex: 19    Spells: 2/2 levels left

rFire   . . .        a - +0 short sword
rCold   . . .        (no shield)
rNeg    . . .        b - +0 robe
rPois   .            (helmet restricted)
rElec   .            (no cloak)
rCorr   .            (gloves unavailable)
SInv    +            (boots unavailable)
Will    .....        (no amulet)
Stlth   +++          (no ring)
HPRegen 0.23/turn    (no ring)
MPRegen 0.09/turn

%: no passive effects
@: very quick
A: very small, no large weapons, unfitting armour, see invisible, speed 3
a: no special abilities


You were on level 2 of the Dungeon.
You visited 1 branch of the dungeon, and saw 2 of its levels.

You collected 64 gold pieces.

Inventory:

Hand Weapons
 a - a +0 short sword (weapon)
Armour
 b - a +0 robe (worn)
Scrolls
 d - a scroll of enchant armour {unknown}
 f - a scroll of identify
 i - a scroll of amnesia {unknown}
Potions
 e - 2 potions of might
 g - a potion of curing
 h - a potion of haste {unknown}


   Skills:
 + Level 2.7 Fighting
 * Level 4.0 Short Blades
 + Level 4.4 Dodging
 * Level 2.9 Stealth


You had 2 spell levels left.
You didn't know any spells.
Your spell library was empty.

Dungeon Overview and Level Annotations

Branches:
Dungeon (2/15)

Altars:

Shops:
D:1 =   D:2 (

Annotations:
D:2 Natasha


Innate Abilities, Weirdness & Mutations

You are very small and have problems with some larger weapons.
You are too small for most types of armour.
You have supernaturally acute eyesight. (SInv)
You cover ground extremely quickly. (Speed+++)


Message History

You bump into the rock wall.
The hobgoblin hits you. The cerulean imp closely misses you.
Natasha casts a spell at you. You resist with some effort.
You bump into the rock wall.
You feel less invigorated.
You feel less confused. The hobgoblin completely misses you.
The cerulean imp barely misses you. Natasha completely misses you.
You closely miss Natasha.
Natasha is moderately wounded.
The hobgoblin closely misses you. The cerulean imp completely misses you.
You hit Natasha.
Natasha is heavily wounded.
Natasha completely misses you.
The hobgoblin hits you but does no damage.
The cerulean imp hits you from afar with a +0 spear.
You hit Natasha but do no damage.
Natasha is heavily wounded.
Natasha barely misses you. The hobgoblin completely misses you.
You hit Natasha.
Natasha is severely wounded.
The cerulean imp hits you from afar with a +0 spear.
Natasha misses you.
You barely miss Natasha.
Natasha is severely wounded.
The hobgoblin misses you.
The cerulean imp hits you from afar with a +0 spear.
Natasha barely misses you.
You barely miss Natasha.
Natasha is severely wounded.
The hobgoblin misses you. The cerulean imp completely misses you.
You hit Natasha but do no damage.
Natasha is severely wounded.
Natasha claws you. The hobgoblin completely misses you.
The cerulean imp hits you from afar with a +0 spear.
* * * LOW HITPOINT WARNING * * *
You hit Natasha.
Natasha is almost dead.
Natasha claws you.
You die...

## ######.# ......
#..############
#.............#
#5..#########.#
#hg.# #.# #@..#
#.# #...# ### #.#
#...... ..# #.#
#.#.#####.# #.#
#.#.# #.# #.#
#.#.# #.# #.####
#.#.#####.###.#...
#.............#.##
.#####.#####.#


You could see Natasha, a cerulean imp (summoned) and a hobgoblin.

Vanquished Creatures
  Natasha (D:2)
  3 bats (D:2)
  2 endoplasms (D:1)
  A giant cockroach (D:2)
  5 goblins
  3 jackals (D:1)
  2 quokkas (D:1)
  4 ball pythons
  2 frilled lizards
  A kobold (D:2)
  3 rats (D:1)
27 creatures vanquished.

Notes
Turn   | Place    | Note
-------+----------+-------------------------------------------
     0 | D:1      | qeuew the Spriggan Monk began the quest for the Orb.
     0 | D:1      | Reached XP level 1. HP: 11/11 MP: 2/2
   135 | D:1      | Reached skill level 1 in Stealth
   301 | D:1      | Reached XP level 2. HP: 16/16 MP: 3/3
   770 | D:1      | Found Cahaisu's Jewellery Shoppe.
  1175 | D:2      | Found Pir Gyes's Weapon Boutique.
  1195 | D:2      | Identified the +1 pair of boots "Vibbinu" {rElec MP-9
                  | Dex+6}
  1230 | D:2      | Noticed Natasha
  1233 | D:2      | Reached XP level 3. HP: 14/19 MP: 4/4
  1247 | D:2      | Killed Natasha
  1317 | D:2      | Noticed Natasha
  1343 | D:2      | Slain by Natasha

Illustrated notes

Levels and vault maps discovered:
D:1:      matt_arrival_grand_opening, layout_loops_corners, serial_shops,
          nicolae_lakefront_shop
D:2:      layout_basic, serial_shops, nicolae_shop_bloodbath_and_beyond,
          uniq_natasha

Skill      XL: |  1  2  3 |
---------------+----------+-----
Stealth        | 1 2 |  2.9
Short Blades   | 4 |  4.0
Fighting       | |  2.7
Dodging        | |  4.4

Action                     || total
---------------------------++-------
  Melee: Short sword       ||   111
    Use: Scroll            ||     5
         Potion            ||     2
   Stab: Sleeping          ||     8
         Distracted        ||     1
 Armour: Robe              ||     8
  Dodge: Dodged            ||    96
